 Dungeon Crawl Stone Soup version 0.31-a0-835-g2a3a5bc (webtiles) character file.

Game seed: 5503937378522126378

263 BarneyGumball the Shooter (level 5, 0/41 HPs)
             Began as a Demigod Hunter on Sept 25, 2023.
             Succumbed to a kobold brigand's curare-tipped dart
             ... in a sewer.
             The game lasted 00:06:33 (3037 turns).

BarneyGumball the Shooter (Demigod Hunter)          Turns: 3037, Time: 00:06:34

Health: 0/41       AC:  9    Str: 12    XL:     5   Next: 65%
Magic:  7/7        EV: 11    Int: 11    God:
Gold:   103        SH:  0    Dex: 21    Spells: 4/4 levels left

rFire   + . .        a - +0 shortbow
rCold   + . .        (shield currently unavailable)
rNeg    . . .        n - +2 ring mail {rF+}
rPois   .            j - +0 helmet
rElec   .            (no cloak)
rCorr   .            b - +0 pair of gloves
SInv    +            (no boots)
Will    .....        (no amulet)
Stlth   +            h - ring of protection from cold
HPRegen 0.26/turn    k - ring of see invisible
MPRegen 0.10/turn

%: no passive effects
@: lethally poisoned (0 -> -22), slowed, very slow
A: high MP 1, forlorn, divine attributes
a: no special abilities


You were in a sewer.
You visited 1 branch of the dungeon, and saw 4 of its levels.
You also visited: Sewer.

You collected 157 gold pieces.
You spent 54 gold pieces at shops.

Inventory:

Hand Weapons
 a - a +0 shortbow (weapon)
Missiles
 o - 4 curare-tipped darts
Armour
 b - a +0 pair of gloves (worn)
 j - a +0 helmet (worn)
 n - a +2 ring mail of fire resistance (worn)
Jewellery
 h - a ring of protection from cold (left hand)
 k - a ring of see invisible (right hand)
Scrolls
 e - a scroll of enchant armour {unknown}
 f - 4 scrolls of identify {unknown}
 i - 3 scrolls of teleportation {unknown}
 l - a scroll of immolation {unknown}
 q - a scroll of brand weapon {unknown}
 s - a scroll of noise {unknown}
 t - a scroll of fog {unknown}
Potions
 c - a potion of lignification {unknown}
 d - 3 potions of heal wounds
 g - a potion of magic {unknown}
 m - a potion of invisibility {unknown}
 p - 2 potions of berserk rage {unknown}
 r - a potion of haste {unknown}


   Skills:
 - Level 1.7 Fighting
 + Level 6.1 Ranged Weapons
 + Level 2.3 Armour
 - Level 1.7 Dodging
 - Level 0.8 Stealth


You had 4 spell levels left.
You didn't know any spells.
Your spell library was empty.

Dungeon Overview and Level Annotations

Branches:
Dungeon (4/15)              Sewer (1/1)
 Temple: D:4-7

Shops:
D:4 ([[

Annotations:
D:4 exclusion: phantom, Duvessa, Menkaure


Innate Abilities, Weirdness & Mutations

You have an increased reservoir of magic. (+10% MP)
You shall have no god before yourself.
Your divine heritage dramatically boosts your attributes as you level up.


Message History

The floor.
Unknown command.
Fire: a) +0 shortbow
Press: ? - help, Q - select action, (/) - cycle Shift-Dir - straight line, f/p - kobold brigand
Aim: a kobold brigand, wielding a +0 whip and quivering curare-tipped darts (heavily wounded, 59% to hit)
You shoot an arrow.
The arrow closely misses the kobold brigand.
You feel sick.
The kobold brigand throws a curare-tipped dart.
The curare-tipped dart hits you.
You are more poisoned.
You have difficulty breathing.
You feel as though you will be slow longer.
The kobold brigand throws a curare-tipped dart.
The curare-tipped dart barely misses you.
Fire: a) +0 shortbow
Press: ? - help, Q - select action, (/) - cycle Shift-Dir - straight line, f/p - kobold brigand
Aim: a kobold brigand, wielding a +0 whip and quivering curare-tipped darts (heavily wounded, 59% to hit)
You shoot an arrow. The arrow hits the kobold brigand.
The kobold brigand is severely wounded.
You feel very sick.
Fire: a) +0 shortbow
Press: ? - help, Q - select action, (/) - cycle Shift-Dir - straight line, f/p - kobold brigand
Aim: a kobold brigand, wielding a +0 whip and quivering curare-tipped darts (severely wounded, 59% to hit)
You shoot an arrow.
The arrow hits the kobold brigand but does no damage.
The kobold brigand is severely wounded.
You feel sick.
The kobold brigand throws a curare-tipped dart.
The curare-tipped dart hits you.
You are lethally poisoned!
You have difficulty breathing.
* * * LOW HITPOINT WARNING * * *
You feel as though you will be slow longer.
Fire: a) +0 shortbow
Press: ? - help, Q - select action, (/) - cycle Shift-Dir - straight line, f/p - kobold brigand
Aim: a kobold brigand, wielding a +0 whip and quivering curare-tipped darts (severely wounded, 59% to hit)
You shoot an arrow.
The arrow barely misses the kobold brigand.
You die...

#.∩..~#####.....####~....#
##..~## ##...## ##...##
##~## ##~## ##### #~# #~#
#~# #~# #~# ##~## .~~
##..~## .~.
#####....~#####.!~
~..~≈≈≈≈≈~...~@K...?..
.....#####~~...#####...
##...## #####


You could see a kobold brigand.

Vanquished Creatures
  An orc priest (D:4)
  An orc wizard (D:4)
  A gnoll (D:1)
  A river rat (Sewer)
  7 adders
  2 ufetubi (D:4)
  A dart slug (D:3)
  5 orcs
  4 ball pythons
  6 bats
  10 endoplasms
  3 giant cockroaches
  7 goblins
  7 hobgoblins
  14 jackals
  3 quokkas
  3 frilled lizards
  16 kobolds
  14 rats
  A spectral orc (D:3)
107 creatures vanquished.

Notes
Turn   | Place    | Note
-------+----------+-------------------------------------------
     0 | D:1      | BarneyGumball the Demigod Hunter began the quest for the
                  | Orb.
     0 | D:1      | Reached XP level 1. HP: 17/17 MP: 3/3
    78 | D:1      | Reached skill level 4 in Ranged Weapons
    91 | D:1      | Reached XP level 2. HP: 20/24 MP: 4/4
   403 | D:1      | Reached XP level 3. HP: 29/29 MP: 5/5
  1035 | D:2      | Reached skill level 5 in Ranged Weapons
  1522 | D:3      | Reached XP level 4. HP: 30/36 MP: 6/6
  2337 | D:4      | Noticed an ogre
  2492 | D:4      | Noticed a phantom
  2522 | D:4      | Reached skill level 1 in Armour
  2547 | D:4      | Found Obbak's Antique Weapon Shoppe.
  2547 | D:4      | Found Cififremu's Armour Emporium.
  2595 | D:4      | Reached XP level 5. HP: 29/41 MP: 7/7
  2692 | D:4      | Found Dyuquryd's Armour Shoppe.
  2698 | D:4      | Bought a +0 pair of gloves for 54 gold pieces
  2797 | D:4      | Found a glowing drain.
  2803 | D:4      | Reached skill level 6 in Ranged Weapons
  2807 | D:4      | Noticed Menkaure
  2807 | D:4      | Noticed Duvessa
  2809 | Sewer    | Entered a sewer
  3037 | Sewer    | Succumbed to a kobold brigand's curare-tipped dart

Illustrated notes

Levels and vault maps discovered:
D:1:      tarquinn_simple_flora_water_f, layout_basic,
          hellmonk_ecumenical_altar_dog_temple, minmay_rat_gold_closets
D:2:      layout_loops_ring, basic_altar
D:3:      layout_basic, yredelemnul_forgotten_temple_becter, nicolae_the_louvre
D:4:      layout_basic, cheibrodos_sewer_entry_drain, serial_shops, shop,
          nicolae_shop_rolling_square, shop, nicolae_shop_window_shopping,
          kennysheep_generic_room_6, uniq_duvessa, uniq_sigmund, uniq_menkaure
Sewer:    sewer_co_15_rooms

Skill      XL: |  1  2  3  4  5 |
---------------+----------------+-----
Ranged Weapons | 4 5 6 |  6.1
Armour         | 1 2 |  2.3
Fighting       | |  1.7
Dodging        | |  1.7
Stealth        | |  0.8

Action                     |  1- 3 |  4- 6 || total
---------------------------+-------+-------++-------
   Fire: Shortbow          |   118 |   220 ||   338
    Use: Scroll            |       |     1 ||     1
         Potion            |       |     1 ||     1
 Armour: Leather armour    |    19 |    12 ||    31
         Ring mail         |       |    68 ||    68
  Dodge: Dodged            |    23 |    57 ||    80

Table legend: (Time is in decaauts)
 A = Elapsed time spent in this place.
 B = Non-inter-level travel time spent in this place.
 C = Inter-level travel time spent in this place.
 D = Time resting spent in this place.
 E = Time spent auto-exploring this place.
 F = Levels seen in this place.
 G = Mean time per level.
                   A        B        C        D        E       F      G
               +--------+--------+--------+--------+--------+-----+--------+
         Total |   3149 |   3038 |    111 |     77 |   2278 |   5 |  629.8 |
       Dungeon |   2876 |   2765 |    111 |     32 |   2135 |   4 |  719.0 |
         Sewer |    273 |    273 |      0 |     45 |    143 |   1 |  273.0 |
               +--------+--------+--------+--------+--------+-----+--------+

Top non-repeatable levels by time:
     D:1: 938 daAuts
     D:3: 897 daAuts
     D:2: 589 daAuts
     D:4: 450 daAuts
   Sewer: 273 daAuts
